AoeStats
← Evan Mason

Nomad

507244142Analyzed
4v4 RM · 16d ago on Sep 17, 2026· 54m 12s· 8 players
Game mode
Random Map
Map size
231×231
Population
200
Speed
Normal
Resources
Standard
Victory
Conquest
Starting age
Dark Age
Ending age
Imperial Age
RankedLock teamsTeams togetherTeam positionsShared explorationLock speedFull tech treeHidden civsTurbo modeCheats
Victory
Defeat
🇨🇳 Malay · China
599
+20
🇮🇳 Japanese · India
577
+21
🇲🇾 Bohemians · Malaysia
558
+21
🇭🇰 Huns · Hong Kong SAR China
531
+22
🇧🇪 Franks · Belgium
734
-23
🇨🇳 Bohemians · China
729
-23
🇷🇺 Vietnamese · Russia
684
-21
🇬🇧 Magyars · United Kingdom
584
-17
Light
RosConor
lysia
deano earlhs
10:03 Loom
18:40 Feudal Age
19:10 Fishing Lines
19:20 Double-Bit Axe
19:29 Stone Mining
25:52 Castle Age
25:29 Scale Barding Armor
28:39 Corvinian Army
31:07 Horse Collar
KickAss
16:24 Feudal Age
17:48 Fishing Lines
21:12 Double-Bit Axe
21:26 Stone Mining
24:54 Castle Age
29:02 Horse Collar
29:35 Bow Saw
32:00 Imperial Age
32:09 Gillnets
33:28 Elite Samurai
37:04 Capped Ram
37:26 Pikeman
45:19 Kataparuto
50:06 Cavalier
Evan Mason
16:16 Feudal Age
25:31 Castle Age
24:17 Double-Bit Axe
24:50 Fishing Lines
26:08 Town Watch
27:01 Wheelbarrow
28:22 Gillnets
29:36 Town Patrol
34:34 Hand Cart
43:58 Imperial Age
42:54 Spies/Treason
44:51 Medium Warships
45:49 Chemistry
46:12 Heavy Warships
46:06 Clinker Construction
46:06 Siphons
48:11 Carvel Hull
48:02 Careening
saw_moss
12:26 Loom
20:11 Feudal Age
20:47 Town Watch
20:52 Double-Bit Axe
21:21 Arson
25:40 Fishing Lines
29:44 Padded Archer Armor
29:34 Fletching
36:07 Castle Age
37:44 Bow Saw
38:58 Medium Warships
38:13 Demolition Ship
40:01 Town Patrol
40:28 Scale Mail Armor
41:55 Gillnets
42:17 Horse Collar
45:43 Forging
47:16 Wheelbarrow
48:34 Heavy Plow
49:19 Scale Barding Armor
50:49 Chain Barding Armor
50:46 Leather Archer Armor
50:54 Ballistics
52:10 Chemistry
51:03 Treadmill Crane
52:29 Husbandry
51:51 Light Cavalry
52:46 Masonry
52:33 Murder Holes
53:35 Fortified Wall
baby
Connection lost

Rejoining the realm…

Still unreachable

The connection could not be restored.

Session expired

The server has moved on; the page needs a fresh start.